 Dungeon Crawl Stone Soup version 0.31-a0-237-g2d982f9f85 (webtiles) character file.

Game seed: 15317380003499240116

9 qw the Shooter (level 2, -1/23 HPs)
             Began as a Minotaur Hexslinger on July 11, 2023.
             Slain by a gnoll
             ... wielding a +0 flail
              (5 damage)
             ... on level 1 of the Dungeon.
             The game lasted 00:00:08 (502 turns).

qw the Shooter (Minotaur Hexslinger)                 Turns: 502, Time: 00:00:09

Health: -1/23      AC:  2    Str: 12    XL:     2   Next: 3%
Magic:  2/2        EV: 12    Int: 10    God:
Gold:   27         SH:  0    Dex: 12    Spells: 2/3 levels left

rFire   . . .        a - +1 sling
rCold   . . .        (no shield)
rNeg    . . .        c - +0 robe
rPois   .            (helmet restricted)
rElec   .            (no cloak)
rCorr   .            (no gloves)
SInv    .            (no boots)
Will    .....        (no amulet)
Stlth   +            (no ring)
HPRegen 0.23/turn    (no ring)
MPRegen 0.08/turn

%: no passive effects
@: no status effects
A: horns 2, retaliatory headbutt
a: no special abilities


You were on level 1 of the Dungeon.
You visited 1 branch of the dungeon, and saw 1 of its levels.

You collected 27 gold pieces.


Innate Abilities, Weirdness & Mutations

You have a pair of horns on your head.
You reflexively headbutt those who attack you in melee.


   Skills:
 + Level 1.4 Fighting
 - Level 3.0 Ranged Weapons
 - Level 2.1 Dodging
 - Level 1.0 Spellcasting
 - Level 2.0 Hexes


You had 2 spell levels left.
You knew the following spells:

 Your Spells              Type           Power      Damage    Failure   Level
a - Slow                  Hex            16%        N/A       16%         1

Your spell library contained the following spells:

 Spells                   Type           Power      Damage    Failure   Level
 Inner Flame              Hex/Fire       2%         N/A       56%         3
 Portal Projectile        Hex/Tloc       4%         N/A       56%         3
 Cause Fear               Hex            2%         N/A       83%         4

Inventory:

Hand Weapons
 a - a +1 sling (weapon)
Armour
 c - a +0 robe (worn)
Scrolls
 b - a scroll of poison
 d - a scroll of fear {unknown}
 e - a scroll of enchant armour {unknown}
 f - a scroll of enchant weapon {unknown}

Dungeon Overview and Level Annotations

Branches:
Dungeon (1/15)

Altars:


Message History

The sling bullet barely misses the goblin.
The goblin misses you.
You shoot a sling bullet. The sling bullet hits the goblin.
You kill the goblin!
You have reached level 2!
A gnoll and a kobold come into view.
The gnoll shouts!
The kobold shouts!
You see here a +0 dagger.
Enter note:
Enter note:
Enter note: You shoot a sling bullet.
The sling bullet hits the kobold.
The kobold is moderately wounded.
The kobold throws a stone.
The stone barely misses you.
You shoot a sling bullet.
The sling bullet closely misses the kobold.
You shoot a sling bullet.
The sling bullet closely misses the kobold.
You shoot a sling bullet. The sling bullet hits the kobold.
The kobold is severely wounded.
The kobold misses you. You furiously retaliate!
You headbutt the kobold.
You kill the kobold!
You shoot a sling bullet. The sling bullet hits the gnoll.
The gnoll is moderately wounded.
The gnoll hits you with a +0 flail. The gnoll barely misses you.
You shoot a sling bullet.
The sling bullet barely misses the gnoll.
The gnoll hits you with a +0 flail.
You shoot a sling bullet.
The sling bullet hits the gnoll but does no damage.
The gnoll is moderately wounded.
The gnoll misses you.
You shoot a sling bullet. The sling bullet hits the gnoll.
The gnoll is severely wounded.
The gnoll hits you with a +0 flail!
You shoot a sling bullet.
The sling bullet hits the gnoll but does no damage.
The gnoll is severely wounded.
The gnoll hits you with a +0 flail. x2
You die...

#.## ...# #...
####... #..#
..##..# #..#
#.##..# #..#
#.##..#.###..#
#.##..#....)g#
#.##..######@#
#####.##.........#
......##.#########
7777.........#
7..77###.###.#
P...7.##.# #.#
.77.7.##.###.#
PP7...##.....#
77777.########


You could see a gnoll.

Vanquished Creatures
  2 endoplasms (D:1)
  2 jackals (D:1)
  2 frilled lizards (D:1)
  A goblin (D:1)
  2 kobolds (D:1)
9 creatures vanquished.

Notes
Turn   | Place    | Note
-------+----------+-------------------------------------------
     0 | D:1      | qw the Minotaur Hexslinger began the quest for the Orb.
     0 | D:1      | Reached XP level 1. HP: 16/16 MP: 1/1
     0 | D:1      | 0 ||| qw: Version: 0.3-a-52-g30416fa
     0 | D:1      | 0 ||| qw: Game counter: 5525
     0 | D:1      | 0 ||| qw: Melee chars always use a shield: true
     0 | D:1      | 0 ||| qw: God list: Okawaru
     0 | D:1      | 0 ||| qw: Allow faded altars: false
     0 | D:1      | 0 ||| qw: Do Orc after clearing Dungeon:15 true
     0 | D:1      | 0 ||| qw: Do second Lair branch before Depths: true
     0 | D:1      | 0 ||| qw: Lair rune preference: random
     0 | D:1      | 0 ||| qw: Goals: Normal
     0 | D:1      | 0 ||| PLANNING D:1-11
   198 | D:1      | HP: 3/16 [jackal (3)]
   453 | D:1      | Reached skill level 3 in Ranged Weapons
   493 | D:1      | Reached XP level 2. HP: 23/23 MP: 2/2
   502 | D:1      | HP: 4/23 [gnoll/+0 flail (6)]
   502 | D:1      | Slain by a gnoll

Levels and vault maps discovered:
D:1:      minmay_arrival_split_and_join, layout_basic, serial_forest,
          infiniplex_forest_zigzag_2, infiniplex_forest_lined_3,
          infiniplex_forest_lined_1, infiniplex_forest_lined_room_,
          infiniplex_forest_corner_1, infiniplex_forest_straight_1,
          infiniplex_forest_clump_medium, infiniplex_forest_clump_diagonal,
          infiniplex_forest_clump_long, shapermc_ecumenical_altar_starsandcircs

Skill      XL: |  1 |
---------------+----+-----
Ranged Weapons | 3 |  3.0
Fighting       | |  1.4
Dodging        | |  2.1
Spellcasting   | |  1.0
Hexes          | |  2.0

Action                     || total
---------------------------++-------
   Fire: Sling             ||    38
 Armour: Robe              ||     3
  Dodge: Dodged            ||    16

Table legend:
 A = Non-vault XP
 B = Vault XP
 C = Vault XP percentage of total XP
 D = Non-vault monster count
 E = Vault monster count
 F = Vault count percentage of total count
                 A         B        C        D         E       F
            +---------+---------+-------+---------+---------+-------
      Total |      13 |       0 |   0.0 |       9 |       0 |   0.0
            +---------+---------+-------+---------+---------+-------
        D:1 |      13 |       0 |   0.0 |       9 |       0 |   0.0
            +---------+---------+-------+---------+---------+-------
